 Dungeon Crawl Stone Soup version 0.25-a0-942-g87a53962fc (webtiles) character file.

Game seed: 2173269461258197396, levelgen mode: deterministic

63725 Maedhros the Martial Artist (level 15, -22/103 HPs)
             Began as an Octopode Artificer on May 6, 2020.
             Was the Champion of Cheibriados.
             Killed from afar by a shock serpent (23 damage)
             ... with a bolt of electricity
             ... on level 1 of the Snake Pit.
             The game lasted 01:18:29 (9761 turns).

Maedhros the Martial Artist (Octopode Artificer)    Turns: 9761, Time: 01:18:29

Health: -22/103    AC:  7    Str: 26    XL:     15   Next: 10%
Magic:  14/31      EV: 25    Int: 30    God:    Cheibriados [******]
Gold:   2304       SH: 27    Dex: 33    Spells: 9/24 levels left

rFire    + . .     SeeInvis .     - Unarmed
rCold    . . .     Gourm    .   n - +4 tower shield
rNeg     + . .     Faith    .   x - +2 hat
rPois    +         Spirit   .   Z - +5 amulet of reflection
rElec    .         Reflect  +   l - ring of positive energy
rCorr    .         Harm     .   y - ring of poison resistance
MR       +....                  H - +2 ring of protection
Stlth    ++++++++..             W - ring of magical power
HPRegen  0.27/turn              Y - +2 ring of evasion
MPRegen  0.22/turn              (no ring)
                                (no ring)
                                (no ring)

@: very slightly contaminated, studying Hexes, lightly drained, very slow
A: almost no armour, stealthy swim, amphibious, 8 rings, constrict 8, yellow
scales 1, camouflage 2, blink, fire resistance 1, screaming 1, gelatinous body
1, evolution 1
a: Blink, Bend Time, Temporal Distortion, Slouch, Step From Time, Renounce
Religion


You were on level 1 of the Snake Pit.
You worshipped Cheibriados.
Cheibriados was exalted by your worship.
You were hungry.

You visited 5 branches of the dungeon, and saw 23 of its levels.
You also visited: Sewer.

You collected 2525 gold pieces.
You spent 221 gold pieces at shops.

Inventory:

Hand Weapons
 o - the +7 dagger of Fate {distort, Str+4}
   (You found it on level 2 of the Lair of Beasts)

   It warps and distorts space around it.
   Unwielding it can cause banishment or high damage.
   It affects your strength (+4).
 A - the +5 hunting sling "Plog" {freeze, rN+ MP+9 Str+2}
   (You bought it in a shop on level 12 of the Dungeon)

   It causes projectiles fired from it to freeze those they strike, causing
   extra injury to most foes and up to half again as much damage against
   particularly susceptible opponents.
   They can also slow down cold-blooded creatures.
   It affects your strength (+2).
   It protects you from negative energy.
   It affects your magic capacity (+9).
Missiles
 h - 221 stones (quivered)
 q - 6 curare-tipped darts
 r - 78 sling bullets
 t - 12 boomerangs
 T - 2 javelins
 U - 5 boomerangs of dispersal
Armour
 b - a +0 buckler
 n - a +4 tower shield (worn)
 x - a +2 hat (worn)
Magical Staves
 e - an uncursed staff of fire
 F - an uncursed staff of wizardry
 L - an uncursed staff of energy
Jewellery
 l - a ring of positive energy (left tentacle)
 y - a ring of poison resistance (right tentacle)
 H - a +2 ring of protection (on tentacle)
 W - a ring of magical power (on tentacle)
 Y - a +2 ring of evasion (on tentacle)
 Z - a +5 amulet of reflection (around mantle)
Wands
 c - a wand of iceblast (4)
 d - a wand of polymorph (10)
 k - a wand of acid (4)
 p - a wand of scattershot (10)
 z - a wand of clouds (6)
 S - a wand of flame (9)
 X - a wand of disintegration (4)
Scrolls
 g - a scroll of fog {unknown}
 i - 8 scrolls of teleportation
 j - 4 scrolls of remove curse
 u - 5 scrolls of magic mapping
 v - 6 scrolls of immolation
 B - 2 scrolls of amnesia
 C - 2 scrolls of summoning
 O - 4 scrolls of fear
 P - a scroll of brand weapon
Potions
 a - 4 potions of invisibility
 m - 3 potions of curing
 s - 4 potions of heal wounds
 w - 2 potions of brilliance
 D - a potion of magic
 E - 2 potions of mutation
 I - 2 potions of flight
 K - a potion of lignification
 Q - 5 potions of might
 R - 2 potions of stabbing
 V - 2 potions of cancellation
Books
 G - a manual of Hexes
Miscellaneous
 J - a phantom mirror
 M - a lightning rod (1/4)
Comestibles
 f - 35 rations


   Skills:
 - Level 10.0(9.8) Fighting
 - Level 1.0(0.9) Short Blades
 - Level 11.4(11.3) Dodging
 - Level 10.4(10.3) Stealth
 * Level 6.0(5.9) Shields
 - Level 12.2(12.1) Unarmed Combat
 - Level 5.0(4.8) Spellcasting
 - Level 6.0(5.8) Necromancy
 - Level 4.0(3.8) Translocations
 * Level 9.3(9.2) Air Magic
 - Level 7.0(6.8) Invocations
 - Level 8.0(7.8) Evocations


You had 9 spell levels left.
You knew the following spells:

 Your Spells              Type           Power        Failure   Level  Hunger
a - Animate Skeleton      Necr           N/A          6%          1    None
b - Apportation           Tloc           ####..       14%         1    None
c - Animate Dead          Necr           N/A          52%         4    ###....
d - Airstrike             Air            ######....   16%         4    ###....
e - Lightning Bolt        Conj/Air       ####......   96%         5    #####..

Your spell library contained the following spells:

 Spells                   Type           Power        Failure   Level  Hunger
 Pain                     Necr           ####         6%          1    None
 Shock                    Conj/Air       ####         11%         1    None
 Swiftness                Chrm/Air       ####....     16%         2    None
 Vampiric Draining        Necr           #####.....   19%         3    #......
 Static Discharge         Conj/Air       ####....     32%         3    #......
 Corona                   Hex            #......      56%         1    None
 Summon Small Mammal      Summ           #...         56%         1    None
 Agony                    Necr           #####...     86%         5    #####..


Dungeon Overview and Level Annotations

Branches:
Dungeon (13/15)            Temple (1/1) D:4            Lair (6/6) D:11
  Swamp (0/4) Lair:2        Snake (1/4) Lair:3          Orc (2/2) D:11
    Elf (0/3) Orc:2         Sewer (visited)
  Slime: Lair:5-6    Vaults: D:13-14

Altars:
Ashenzari
Cheibriados
Dithmenos
Fedhas
Gozag
Hepliaklqana
Kikubaaqudgha
Makhleb
Nemelex Xobeh
Okawaru
Qazlal
Trog
Uskayaw
Wu Jian
Xom
Yredelemnul
Zin
The Shining One

Shops:
D:11 (   D:12 (

Portals:
Abyss: D:10

Annotations:
D:10 2 transporters, voshxx's ghost, novice OgFE
Snake:1 Aizul
Orc:2 Saint Roka


Innate Abilities, Weirdness & Mutations

You cannot wear most types of armour.
You are very stealthy in the water. (Stealth+)
You are amphibious.
You can wear up to eight rings at the same time.
You can use your tentacles to constrict eight enemies at once.
Your skin blends seamlessly with your surroundings (Stealth++).
Your rubbery body absorbs attacks. (AC +1, EV +1)
You are partially covered in yellow scales. (AC +2)
You can translocate small distances at will.
Your flesh is heat resistant. (rF+)
You occasionally shout uncontrollably at your foes.
You evolve.


Message History

Your naga zombie constricts the shock serpent.
Unknown command.
Casting: Airstrike (dangerous; 16% risk of failure)
Confirm with . or Enter, or press ? or * to list all spells.
Aiming: Airstrike (dangerous; 16% risk of failure)
Press: ? - help, Dir - move target cursor, f/p - shock serpent
Aim: a shock serpent (severely wounded, constricted by your naga zombie)
You miscast Airstrike.
You are very lightly contaminated with residual magic.
You feel a sudden electric shock!
* * * LOW HITPOINT WARNING * * *
Your shock serpent zombie bites the shock serpent!
The shock serpent's electric aura discharges, shocking your shock serpent zombie!
The shock serpent shoots out a bolt of lightning at you!
The bolt of electricity hits your shock serpent zombie!
Your shock serpent zombie is destroyed!
The bolt of electricity hits you!!
* * * LOW HITPOINT WARNING * * *
The bolt of electricity hits you!!
You die...

.## ###..###...##
#..## ....###
##.......##..## #
.......##..#........#
..................##
..............###.# #
.........)#...# . #
.....^....##...# ##
.......Z..# ##... #.
......S.@.# .... #.#
.......Z..# #.. ...#
.........## ..
.........# ###....###
##..N ##.. # ... #
#... #


You could see a shock serpent, a naga mage (sleeping) and 2 friendly naga
zombies.

Vanquished Creatures
  Gastronok (D:9)
  Louise (Snake:1)
  A dire elephant (Lair:6)
  A fire dragon (Lair:6)
  Josephine (Snake:1)
  5 hydras
  3 naga warriors (Snake:1)
  2 centaur warriors
  2 two-headed ogres
  A naga sharpshooter (Snake:1)
  2 shock serpents (Snake:1)
  2 unseen horrors
  A tengu conjurer (D:9)
  A naga ritualist (Snake:1)
  3 ugly things
  2 manticores
  6 spiny frogs
  A cyclops (D:12)
  4 wyverns
  8 elephants
  6 black mambas
  A guardian serpent (Snake:1)
  A naga mage (Snake:1)
  Maurice (D:10)
  3 gargoyles
  2 rime drakes
  3 komodo dragons
  5 trolls
  A queen bee (Lair:2)
  Grinder (D:6)
  2 tyrant leeches (Lair:2)
  8 polar bears
  10 dream sheep
  10 blink frogs
  2 raiju (Lair:6)
  6 hippogriffs
  A shadow (D:13)
  A vampire (D:12)
  5 wraiths
  29 yaks
  3 chaos spawn (D:11)
  A hungry ghost (D:8)
  3 basilisks
  2 steam dragons
  A swamp worm (Lair:2)
  2 wargs (Lair:6)
  8 nagas (Snake:1)
  12 hell hounds (Lair:6)
  8 water moccasins
  3 acid dragons (Lair:6)
  4 porcupines
  7 orc warriors
  10 black bears
  2 swamp drakes
  2 eyes of draining
  4 ice beasts
  3 phantoms
  4 ogres
  9 centaurs
  23 wolves
  13 crocodiles
  19 bullfrogs
  A gnoll sergeant (Orc:1)
  10 orc priests
  A water moccasin zombie (D:9)
  A water moccasin skeleton (D:10)
  24 killer bees
  14 wights
  3 howler monkeys (D:9)
  3 crimson imps
  2 hounds
  3 jellies
  2 bullfrog skeletons
  4 centaur skeletons
  8 worker ants
  5 iguanas
  12 orc wizards
  Terence (D:2)
  A worker ant zombie (D:11)
  7 gnolls
  8 adders
  A shadow imp (D:7)
  2 oozes
  2 adder skeletons
  4 worms
  3 dart slugs
  4 leopard geckos
  24 orcs
  8 giant cockroaches
  10 goblins
  8 hobgoblins
  7 jackals
  4 quokkas
  2 ball pythons (D:5)
  12 bats
  7 frilled lizards
  12 kobolds
  A leopard gecko skeleton (D:4)
  4 rats
  6 plants
520 creatures vanquished.

Vanquished Creatures (collateral kills)
  2 hydras
  An anaconda (Snake:1)
  A tengu warrior (D:9)
  A swamp dragon (Lair:6)
  An elephant (Lair:4)
  A spiny frog (Lair:5)
  2 rime drakes
  2 polar bears (Lair:6)
  3 blink frogs
  A dream sheep (Lair:4)
  A wyvern (D:11)
  3 yaks
  2 basilisks
  2 wargs (Lair:6)
  2 nagas (Snake:1)
  2 water moccasins (Lair:2)
  3 hell hounds (Lair:6)
  3 porcupines
  3 black bears
  2 wolves (Lair:6)
  2 crocodiles
  A wight (D:9)
  4 killer bees (Lair:2)
  2 electric eels
  A hound (D:13)
  2 orc priests (D:4)
  An adder (D:3)
  2 shadow imps (D:4)
  4 jackals (D:3)
  A kobold (D:3)
  8 fungi
  7 plants
73 creatures vanquished.

Vanquished Creatures (others)
  Pikel (D:4)
  A wizard (D:7)
  An elephant (Lair:2)
  A porcupine (Lair:1)
  A troll (D:11)
  Sigmund (D:3)
  A slave (D:4)
  A scorpion (D:4)
  A wight (D:9)
  An orc wizard (D:5)
  2 fungi (Lair:2)
  13 plants
25 creatures vanquished.

Grand Total: 618 creatures vanquished

Notes
Turn   | Place    | Note
-------+----------+-------------------------------------------
     0 | D:1      | Maedhros the Octopode Artificer began the quest for the
                  | Orb.
     0 | D:1      | Reached XP level 1. HP: 13/13 MP: 3/3
    67 | D:2      | Noticed Terence
    71 | D:2      | Killed Terence
    71 | D:2      | Reached XP level 2. HP: 13/18 MP: 4/4
    71 | D:2      | Reached XP level 3. HP: 17/23 MP: 5/5
    82 | D:2      | Reached skill level 1 in Unarmed Combat
   156 | D:4      | Noticed Pikel
   156 | D:4      | Noticed a slave
   157 | D:4      | Noticed a slave
   157 | D:4      | Noticed a slave
   158 | D:4      | Found a transporter.
   158 | D:4      | Noticed a slave
   190 | D:4      | Reached skill level 2 in Unarmed Combat
   190 | D:4      | Reached XP level 4. HP: 16/28 MP: 6/6
   205 | D:4      | Killed Pikel
   227 | D:4      | Found a large runed translucent door.
   227 | D:4      | Found a large runed translucent door.
   230 | D:4      | Noticed a crocodile
   230 | D:4      | Noticed a bullfrog
   267 | D:4      | Killed a freed slave
   275 | D:4      | Found a large runed translucent door.
   275 | D:4      | Found a large runed translucent door.
   356 | D:4      | Found a staircase to the Ecumenical Temple.
   374 | Temple   | Entered the Ecumenical Temple
   455 | Temple   | Became a worshipper of Xom of Chaos
   466 | Temple   | Fell from the grace of Xom
   466 | Temple   | Became a worshipper of Cheibriados the Contemplative
   495 | D:4      | Reached skill level 3 in Unarmed Combat
   570 | D:3      | Noticed Sigmund
   581 | D:3      | XOM: scenery: create altars
   611 | D:3      | XOM: give mutation
   611 | D:3      | Gained mutation: Your system is resistant to poisons.
                  | (rPois) [Xom's grace]
   690 | D:3      | XOM: god gift: wand of scattershot (6)
   712 | D:3      | XOM: give mutations
   712 | D:3      | Gained mutation: You are clumsy. (Dex -2) [Xom's mischief]
   712 | D:3      | Lost mutation: You are clumsy. (Dex -2) [Xom's mischief]
   712 | D:3      | Gained mutation: You are frail. (-10% HP) [Xom's mischief]
   712 | D:3      | Gained mutation: You have a pair of small antennae on your
                  | head. [Xom's mischief]
   737 | D:3      | Reached XP level 5. HP: 21/29 MP: 7/7
   777 | D:2      | XOM: give mutation
   777 | D:2      | Gained mutation: Your skin blends seamlessly with your
                  | surroundings (Stealth++). [Xom's mischief]
   903 | D:1      | Reached skill level 4 in Unarmed Combat
   944 | D:1      | Reached * piety under Cheibriados
  1284 | D:2      | XOM: 10-stop teleportation journey
  1296 | D:2      | Reached ** piety under Cheibriados
  1431 | D:3      | Killed Sigmund
  1431 | D:3      | Reached skill level 5 in Unarmed Combat
  1431 | D:3      | Reached XP level 6. HP: 23/34 MP: 8/8
  1576 | D:3      | XOM: noise
  1673 | D:4      | Found a transporter.
  1730 | D:4      | Reached *** piety under Cheibriados
  1788 | D:5      | Entered Level 5 of the Dungeon
  1859 | D:5      | Reached skill level 6 in Unarmed Combat
  1972 | D:5      | Reached XP level 7. HP: 21/38 MP: 9/9
  2038 | D:5      | Reached skill level 7 in Unarmed Combat
  2050 | D:5      | Found a glowing drain.
  2063 | Sewer    | Entered a sewer
  2106 | Sewer    | XOM: silly message
  2268 | D:5      | Reached **** piety under Cheibriados
  2344 | D:6      | XOM: silly message
  2371 | D:6      | Reached XP level 8. HP: 56/56 MP: 10/10
  2376 | D:6      | Found a glowing silver altar of Zin.
  2381 | D:6      | Noticed Grinder
  2393 | D:6      | Killed Grinder
  2393 | D:6      | Reached skill level 1 in Shields
  2393 | D:6      | Reached skill level 1 in Invocations
  2393 | D:6      | Reached XP level 9. HP: 52/60 MP: 11/11
  2418 | D:6      | Lost mutation: Your system is resistant to poisons. (rPois)
                  | [potion of mutation]
  2418 | D:6      | Lost mutation: You have a pair of small antennae on your
                  | head. [potion of mutation]
  2418 | D:6      | Lost mutation: You are frail. (-10% HP) [potion of
                  | mutation]
  2418 | D:6      | Gained mutation: Potions are less effective at restoring
                  | your health. [potion of mutation]
  2418 | D:6      | Gained mutation: You are frail. (-10% HP) [potion of
                  | mutation]
  2418 | D:6      | Gained mutation: You are somewhat resistant to further
                  | mutation. [potion of mutation]
  2767 | D:6      | XOM: noise
  3059 | D:7      | XOM: noise
  3098 | D:7      | Reached skill level 8 in Unarmed Combat
  3176 | D:7      | Lost mutation: You are frail. (-10% HP) [potion of
                  | mutation]
  3176 | D:7      | Lost mutation: Potions are less effective at restoring your
                  | health. [potion of mutation]
  3176 | D:7      | Lost mutation: You are somewhat resistant to further
                  | mutation. [potion of mutation]
  3176 | D:7      | Gained mutation: You evolve. [potion of mutation]
  3176 | D:7      | Gained mutation: You can translocate small distances at
                  | will. [potion of mutation]
  3254 | D:7      | Found a bloodstained altar of Trog.
  3255 | D:7      | Noticed a wizard
  3259 | D:7      | Killed a wizard
  3361 | D:8      | Learned a level 1 spell: Animate Skeleton
  3363 | D:8      | Learned a level 1 spell: Apportation
  3477 | D:9      | Noticed a tengu conjurer
  3477 | D:9      | Noticed a tengu warrior
  3492 | D:9      | Killed a tengu warrior
  3492 | D:9      | Reached skill level 5 in Stealth
  3492 | D:9      | Reached XP level 10. HP: 66/74 MP: 13/13
  3496 | D:9      | Killed a tengu conjurer
  3580 | D:9      | Reached ***** piety under Cheibriados
  3633 | D:9      | Noticed a two-headed ogre
  3657 | D:9      | Reached skill level 9 in Unarmed Combat
  3702 | D:9      | Found an ornate altar of the Wu Jian Council.
  3715 | D:9      | Noticed Gastronok
  3812 | D:9      | Reached skill level 5 in Evocations
  3914 | D:9      | XOM: summons 2 hostile shadow creatures
  4158 | D:9      | Killed Gastronok
  4158 | D:9      | Reached XP level 11. HP: 54/80 MP: 13/15
  4182 | D:10     | Entered Level 10 of the Dungeon
  4200 | D:10     | Noticed a manticore
  4203 | D:10     | XOM: give mutation
  4203 | D:10     | Gained mutation: Your body sometimes deteriorates upon
                  | taking damage. [Xom's mischief]
  4232 | D:10     | Noticed Maurice
  4240 | D:10     | Killed Maurice
  4252 | D:10     | Noticed a glowing orange brain
  4256 | D:10     | Found a transporter.
  4281 | D:10     | Found a one-way gate to the infinite horrors of the Abyss.
  4281 | D:10     | Noticed voshxx's ghost (novice OgFE)
  4290 | D:10     | Found a transporter.
  4315 | D:10     | Killed a manticore
  4350 | D:10     | XOM: 1-stop teleportation journey
  4363 | D:10     | Noticed a centaur warrior
  4364 | D:10     | Found a bloodstained altar of Trog.
  4372 | D:10     | Killed a centaur warrior
  4481 | D:10     | Noticed a two-headed ogre
  4489 | D:10     | Killed a two-headed ogre
  4489 | D:10     | Reached skill level 10 in Unarmed Combat
  4489 | D:10     | Reached skill level 5 in Invocations
  4534 | D:11     | Noticed a six-headed hydra
  4638 | D:11     | Found the +7 mace of Variability {chain chaos}
  4641 | D:11     | Killed a six-headed hydra
  4641 | D:11     | Reached skill level 5 in Shields
  4644 | D:11     | Noticed a brown ugly thing
  4655 | D:11     | Killed a brown ugly thing
  4655 | D:11     | Reached skill level 10 in Stealth
  4672 | D:11     | Reached XP level 12. HP: 41/85 MP: 6/16
  4706 | D:11     | Found a staircase to the Orcish Mines.
  4749 | D:11     | Found a shimmering altar of Xom.
  4819 | D:12     | Found Adovif's Antique Weapon Emporium.
  4825 | D:12     | Bought a twisted hunting sling for 221 gold pieces
  4830 | D:12     | Identified the +5 hunting sling "Plog" {freeze, rN+ MP+9
                  | Str+2} (You bought it in a shop on level 12 of the Dungeon)
  4864 | D:12     | XOM: give mutations
  4864 | D:12     | Gained mutation: You occasionally shout uncontrollably at
                  | your foes. [Xom's mischief]
  4864 | D:12     | Lost mutation: You occasionally shout uncontrollably at
                  | your foes. [Xom's mischief]
  4864 | D:12     | Gained mutation: You are partially covered in yellow
                  | scales. (AC +2) [Xom's mischief]
  4979 | D:12     | Noticed a two-headed ogre
  4985 | D:12     | Killed a two-headed ogre
  4985 | D:12     | Reached skill level 1 in Translocations
  5006 | D:13     | Noticed a centaur warrior
  5211 | D:13     | Killed a centaur warrior
  5690 | D:11     | Found Jowege Mitt's Weapon Boutique.
  5695 | D:11     | Gained mutation: Your flesh is heat resistant. (rF+)
                  | [evolution]
  5703 | D:11     | XOM: noise
  5779 | Orc:1    | Entered Level 1 of the Orcish Mines
  5830 | Orc:1    | Reached skill level 10 in Dodging
  5910 | Orc:2    | Entered Level 2 of the Orcish Mines
  5910 | Orc:2    | Found a staircase to the Elven Halls.
  5918 | Orc:2    | Noticed Saint Roka
  5927 | Orc:2    | Noticed a two-headed ogre
  6103 | D:11     | Found a staircase to the Lair.
  6108 | Lair:1   | Entered Level 1 of the Lair of Beasts
  6136 | Lair:1   | Noticed an eight-headed hydra
  6184 | Lair:1   | Reached skill level 11 in Unarmed Combat
  6248 | Lair:1   | XOM: 1-stop teleportation journey
  6265 | Lair:1   | Reached XP level 13. HP: 77/90 MP: 19/19
  6560 | Lair:2   | Learned a level 4 spell: Animate Dead
  6592 | Lair:2   | Reached skill level 1 in Necromancy
  6733 | Lair:2   | XOM: 1-stop teleportation journey
  6749 | Lair:2   | XOM: give mutations
  6749 | Lair:2   | Gained mutation: You occasionally shout uncontrollably at
                  | your foes. [Xom's mischief]
  6749 | Lair:2   | Lost mutation: Your body sometimes deteriorates upon taking
                  | damage. [Xom's mischief]
  6749 | Lair:2   | Was forgiven by Xom
  6961 | Lair:2   | Reached skill level 5 in Necromancy
  7086 | Lair:2   | Got a twisted dagger
  7089 | Lair:2   | Identified the +7 dagger of Fate {distort, Str+4} (You
                  | found it on level 2 of the Lair of Beasts)
  7134 | Lair:3   | Reached ****** piety under Cheibriados
  7548 | Lair:4   | Reached skill level 12 in Unarmed Combat
  7784 | Lair:2   | Learned a level 4 spell: Airstrike
  7847 | Lair:2   | Reached XP level 14. HP: 57/98 MP: 20/20
  7909 | Lair:2   | Found a staircase to the Swamp.
  8028 | Lair:3   | Reached skill level 1 in Air Magic
  8038 | Lair:3   | Found a staircase to the Snake Pit.
  8114 | Lair:6   | Entered Level 6 of the Lair of Beasts
  8233 | Lair:5   | Reached skill level 10 in Fighting
  8263 | Lair:5   | Identified a scroll of acquirement
  8264 | Lair:5   | Identified the +1 buckler "Dyit" {rC- Str-4 Dex+7 SInv}
                  | (You acquired it on level 5 of the Lair of Beasts)
  8535 | Lair:6   | Reached skill level 5 in Air Magic
  8548 | Lair:6   | Noticed a dire elephant
  8567 | Lair:6   | Killed a dire elephant
  8731 | Lair:6   | Reached skill level 1 in Spellcasting
  9223 | Lair:5   | Learned a level 5 spell: Lightning Bolt
  9228 | Lair:5   | You fall into a shaft and drop 1 floor!
  9317 | Snake:1  | Entered Level 1 of the Snake Pit
  9479 | Snake:1  | Killed Louise
  9635 | Snake:1  | Reached XP level 15. HP: 103/103 MP: 22/22
  9636 | Snake:1  | Noticed Josephine
  9650 | Snake:1  | Killed Josephine
  9657 | Snake:1  | Reached skill level 5 in Spellcasting
  9675 | Snake:1  | Noticed Aizul
  9761 | Snake:1  | HP: 1/103 [shock serpent/bolt of electricity (26)]
  9761 | Snake:1  | Killed from afar by a shock serpent

Levels and vault maps discovered:
D:1:      dpeg_arrival_tiny_a, layout_loops_ring, minivault_4
D:2:      layout_basic, first_ration, chequers_serial_rivers_micro_d,
          uniq_terence
D:3:      layout_basic, uniq_sigmund
D:4:      gammafunk_wand_slinger, layout_cave_pools, minmay_temple_entry_mist,
          minmay_hollow_rounded_squares, uniq_pikel
D:5:      layout_basic, cheibrodos_sewer_entry_drain
D:6:      layout_basic, kennysheep_mini_moat, uniq_grinder
D:7:      layout_basic, trog_wizard
D:8:      layout_loops_ring, hangedman_little_slice_of_home
D:9:      minmay_polygon_palace, layout_irregular_city, basic_altar,
          uniq_gastronok
D:10:     layout_loops_cross, gammafunk_ghost_abyssal_escape,
          lemuel_statue_altar, uniq_maurice
D:11:     layout_basic, erik_lair_dragon, orc_0_dummy, serial_shops,
          nicolae_shop_window_shopping, minmay_guarded_unrand_variability
D:12:     layout_irregular_city, serial_shops, shop
D:13:     layout_rooms, grunt_ministairs_15
Temple:   roderic_octagonal_lattice_temple
Lair:1:   layout_regular_city, small_statue_intersection, beast_lair_carwin_4
Lair:2:   regret_index_tunnel_blossom, layout_regular_city,
          minmay_swamp_entry_worms, serial_bayou_shore_b
Lair:3:   layout_chaotic_city, dummy_snake_entry, grunt_megastairs_4,
          serial_bayou_shore_b
Lair:4:   layout_regular_city, minivault_25, lemuel_fruit_tree,
          serial_bayou_shore_a
Lair:5:   layout_regular_city, slime_dummy, serial_bayou, serial_bayou_ford_a,
          serial_bayou_pond_d, serial_bayou_pond_d, serial_bayou_lake_a
Lair:6:   hangedman_lair_caniforms_friends, layout_loops_ring,
          guppyfry_lair_end_dragon, nicolae_quartered_pool_medium
Snake:1:  layout_chambers, uniq_louise, uniq_aizul, uniq_josephine
Orc:1:    layout_diamond_mine
Orc:2:    st_orc_congregation, layout_caves, uniq_saint_roka

Skill      XL: |  1  2  3  4  5  6  7  8  9 10 11 12 13 14 15 |
---------------+----------------------------------------------+-----
Stealth        | 4 5 7 10 | 10.4
Unarmed Combat | 2 3 5 6 7 8 9 10 11 12 | 12.2
Fighting       | 8 9 10 | 10.0
Dodging        | 9 10 11 | 11.4
Shields        | 1 2 4 5 6 |  6.0
Invocations    | 1 3 4 5 7 |  7.0
Evocations     | 4 5 6 8 |  8.0
Translocations | 4 |  4.0
Necromancy     | 5 6 |  6.0
Air Magic      | 8 9 |  9.3
Spellcasting   | 4 5 |  5.0
Short Blades   | |  1.0

Action                   |  1- 3 |  4- 6 |  7- 9 | 10-12 | 13-15 || total
-------------------------+-------+-------+-------+-------+-------++-------
Melee: Short sword       |    33 |   154 |    16 |       |       ||   203
       Constrict         |     8 |    45 |    27 |    69 |   104 ||   253
       Tentacles         |     4 |    28 |    33 |   171 |   252 ||   488
       Punch             |       |     6 |    12 |    53 |   127 ||   198
       Unarmed           |       |       |   116 |   385 |   596 ||  1097
 Fire: Hunting sling     |       |       |       |       |     8 ||     8
Throw: Stone             |       |       |       |     5 |     3 ||     8
 Cast: Apportation       |       |       |       |    38 |    87 ||   125
       Animate Skeleton  |       |       |       |    11 |    19 ||    30
       Animate Dead      |       |       |       |       |    31 ||    31
       Airstrike         |       |       |       |       |     5 ||     5
Invok: Slouch            |       |       |       |     8 |     5 ||    13
       Temporal Distorti |       |       |       |     1 |     1 ||     2
 Abil: Blink             |       |       |       |       |     1 ||     1
Evoke: Wand              |     5 |    17 |     9 |    19 |    28 ||    78
       Lightning rod     |       |       |       |       |     4 ||     4
  Use: Potion            |       |     3 |     6 |     5 |       ||    14
       Scroll            |       |       |    10 |     4 |    20 ||    34
 Stab: Confused          |     1 |       |       |     1 |       ||     2
       Sleeping          |       |    17 |    14 |    26 |    16 ||    73
       Paralysed         |       |       |     3 |    16 |       ||    19
       Distracted        |       |       |     2 |     4 |    12 ||    18
       Petrifying        |       |       |       |       |     1 ||     1
  Eat: Chunk             |       |     2 |     4 |    10 |     8 ||    24
       Ration            |       |       |       |       |     4 ||     4
Armor: Skin              |     2 |     9 |    20 |    23 |    19 ||    73
Dodge: Dodged            |    22 |   119 |    81 |   255 |   478 ||   955
Block: Buckler           |       |       |    29 |    82 |   248 ||   359
       Tower shield      |       |       |       |       |    24 ||    24
       Reflection        |       |       |       |       |     7 ||     7

Table legend:
 A = Non-vault XP
 B = Vault XP
 C = Vault XP percentage of total XP
 D = Non-vault monster count
 E = Vault monster count
 F = Vault count percentage of total count
                 A         B        C        D         E       F
            +---------+---------+-------+---------+---------+-------
      Total |   57627 |   32395 |  36.0 |     389 |     185 |  32.2
            +---------+---------+-------+---------+---------+-------
        D:1 |      48 |       0 |   0.0 |      24 |       0 |   0.0
        D:2 |      74 |      32 |  30.2 |      32 |       1 |   3.0
        D:3 |      85 |      40 |  32.0 |      23 |       1 |   4.2
        D:4 |      80 |     501 |  86.2 |       7 |      12 |  63.2
        D:5 |     418 |      12 |   2.8 |      14 |       4 |  22.2
        D:6 |     142 |     300 |  67.9 |       7 |       1 |  12.5
        D:7 |     749 |       0 |   0.0 |      10 |       0 |   0.0
        D:8 |     491 |       0 |   0.0 |       4 |       0 |   0.0
        D:9 |    3191 |    3557 |  52.7 |      37 |      13 |  26.0
       D:10 |    3224 |     449 |  12.2 |       9 |       1 |  10.0
       D:11 |    5052 |    1178 |  18.9 |      33 |       7 |  17.5
       D:12 |    4367 |       0 |   0.0 |      25 |       0 |   0.0
       D:13 |    4668 |     798 |  14.6 |      21 |       2 |   8.7
     Lair:1 |    3327 |     696 |  17.3 |      14 |       4 |  22.2
     Lair:2 |    2825 |    4988 |  63.8 |      11 |      45 |  80.4
     Lair:3 |     763 |    2753 |  78.3 |       7 |       6 |  46.2
     Lair:4 |    7603 |       0 |   0.0 |      32 |       0 |   0.0
     Lair:5 |    5839 |       0 |   0.0 |      28 |       0 |   0.0
     Lair:6 |    3036 |   13313 |  81.4 |      11 |      74 |  87.1
    Snake:1 |   10767 |    3496 |  24.5 |      25 |       6 |  19.4
      Orc:1 |     869 |     171 |  16.4 |      12 |       2 |  14.3
      Orc:2 |       9 |       0 |   0.0 |       3 |       0 |   0.0
      Sewer |       0 |     111 | 100.0 |       0 |       6 | 100.0
            +---------+---------+-------+---------+---------+-------
